 Dungeon Crawl Stone Soup version 0.27-a0-223-ge082b6e869 (webtiles) character file.

Game seed: 8697680504057144308

1696 iamserjio the Cleaver (level 9, 17/72 (75) HPs)
             Began as a Naga Fighter on Feb 1, 2021.
             Was a Follower of Cheibriados.
             Quit the game on level 9 of the Dungeon.
             The game lasted 00:12:12 (1541 turns).

iamserjio the Cleaver (Naga Fighter)                Turns: 1541, Time: 00:12:13

HP:   17/72 (75)    AC:  9    Str: 22    XL:     9   Next: 3%
MP:   9/9           EV:  7    Int: 14    God:    Cheibriados [*.....]
Gold: 156           SH: 11    Dex: 17    Spells: 8/8 levels left

rFire    . . .     SeeInvis +   a - +0 war axe
rCold    + . .     Faith    .   c - +0 kite shield
rNeg     . . .     Spirit   .   p - +3 ring mail "Zonnif" {rC+ Dex+3}
rPois    +         Reflect  .   (no helmet)
rElec    .         Harm     .   (no cloak)
rCorr    .         Rampage  .   (no gloves)
Will     +....                  (no barding)
Stlth    +.........             (no amulet)
HPRegen  0.22/turn              (no ring)
MPRegen  0.11/turn              (no ring)

@: mighty, attractive, flying, lightly drained, very slow
A: large, see invisible, deformed body, poison resistance, slowness 2, spit
poison 1, AC +3
a: Spit Poison, Renounce Religion, Bend Time


You were on level 9 of the Dungeon.
You worshipped Cheibriados.
Cheibriados was aware of your devotion.
You visited 1 branch of the dungeon, and saw 8 of its levels.
You also visited: Sewer.

You collected 156 gold pieces.

Inventory:

Hand Weapons
 a - a +0 war axe (weapon)
Missiles
 e - 15 poisoned darts
 h - 2 throwing nets {!f}
 j - 5 curare-tipped darts (quivered)
 s - 8 boomerangs
Armour
 b - a +0 scale mail
 c - a +0 kite shield (worn)
 p - the +3 ring mail "Zonnif" (worn) {rC+ Dex+3}
   (You found it on level 6 of the Dungeon)

   It affects your dexterity (+3).
   It protects you from cold.
 q - a +1 robe of the Archmagi
 t - the +2 ring mail "Learchua" {Dex+4}
   (You found it on level 7 of the Dungeon)

   It affects your dexterity (+4).
Magical Staves
 k - an uncursed staff of cold
Wands
 r - a wand of mindburst (10)
Scrolls
 f - 7 scrolls of identify {unknown}
 o - a scroll of random uselessness
 u - a scroll of silence {unknown}
Potions
 d - 2 potions of might {@q3}
 n - a potion of flight
 v - 3 potions of curing {unknown}
 w - 2 potions of haste {unknown}
 z - a potion of brilliance {unknown}


   Skills:
 - Level 3.0 Fighting
 * Level 9.4 Axes
 - Level 2.4 Armour
 + Level 5.9 Shields


You had 8 spell levels left.
You didn't know any spells.
Your spell library was empty.

Dungeon Overview and Level Annotations

Branches:
Dungeon (7/15)              Sewer (visited)
 Temple: D:4-7

Altars:
Cheibriados
Gozag
Nemelex Xobeh

Annotations:
D:7 Prince Ribbit


Innate Abilities, Weirdness & Mutations

You cannot wear boots.
Your serpentine skin is tough. (AC +3)
You have supernaturally acute eyesight. (SInv)
Armour fits poorly on your strangely shaped body.
Your system is resistant to poisons. (rPois)
You cover ground very slowly.
You can spit poison.


Message History

Okay, then.
Okay, then.
It was a potion of flight.
You feel very buoyant.
You fly up into the air.
The howler monkey hoots and howls with incredible vigour!
The necrophage hits you but does no damage.
You block the jackal's attack.
You hear a shout! x3
It was a potion of attraction.
You feel attractive to monsters.
The jackal bites you but does no damage.
The necrophage hits you.
* * * LOW HITPOINT WARNING * * *
You feel drained.
* * * LOW HITPOINT WARNING * * *
The jackal bites you but does no damage.
The orc warrior is pulled toward you!
The hound skeleton is pulled toward you!
The centaur zombie is pulled toward you! x2

#. #...#...#O..#..#
#...#...#.Z.#.OZ#.##
#. ..........T....Z
#.#...#...#...#...#o
#..#...#...#...#..#.
.
#...#.oZ#..)#..!#.#.
...##..#hZO#...
...#..#R
......#hZF#...#...#
..#.
......n@h........h
...#.
.....###.###.###..
..##. ..## ... #.
#.## #. .. #. ...
..## ##


You could see an orc warrior, an ogre, a necrophage, a bullfrog, a hound, 2
centaur zombies, 2 jackals and a hound skeleton.

Vanquished Creatures
  The ghost of wineyard the Shooter, an amateur BaHu of Okawaru (D:4)
  Sigmund (D:6)
  Eustachio (D:6)
  An ice beast (D:6)
  A sky beast (D:7)
  2 black bears (D:7)
  2 centaurs
  An ogre (D:4)
  A big kobold (Sewer)
  A bullfrog (D:6)
  A water moccasin zombie (D:6)
  A jelly (D:6)
  A bullfrog skeleton (D:5)
  A centaur skeleton (D:4)
  A centaur zombie (D:5)
  3 hounds
  An iguana (D:5)
  A worker ant (D:5)
  An orc wizard (D:7)
  A gnoll (D:4)
  2 river rats (Sewer)
  An adder (D:3)
  A white imp (D:4)
  An ooze (D:1)
  An adder skeleton (D:4)
  An adder zombie (D:5)
  A worm (D:3)
  3 dart slugs
  A leopard gecko (D:4)
  5 orcs
  8 bats
  A giant cockroach (D:1)
  4 goblins
  5 hobgoblins
  4 jackals
  A quokka (D:3)
  4 frilled lizards
  4 kobolds
  5 rats
77 creatures vanquished.

Vanquished Creatures (others)
  A white imp (D:9)
1 creature vanquished.

Grand Total: 78 creatures vanquished

Notes
Turn   | Place    | Note
-------+----------+-------------------------------------------
     0 | D:1      | iamserjio the Naga Fighter began the quest for the Orb.
     0 | D:1      | Reached XP level 1. HP: 21/21 MP: 1/1
    76 | D:1      | Reached XP level 2. HP: 8/28 MP: 2/2
   171 | D:2      | Reached skill level 3 in Axes
   198 | D:2      | Reached XP level 3. HP: 17/34 MP: 3/3
   362 | D:3      | Noticed a centaur
   364 | D:3      | Killed a centaur
   365 | D:3      | Reached skill level 4 in Axes
   365 | D:3      | Reached XP level 4. HP: 42/42 MP: 4/4
   432 | D:3      | Reached XP level 5. HP: 45/49 MP: 5/5
   526 | D:3      | Found a glowing drain.
   536 | Sewer    | Entered a sewer
   582 | Sewer    | Noticed a big kobold
   592 | Sewer    | Killed a big kobold
   593 | Sewer    | Reached skill level 5 in Axes
   593 | Sewer    | Reached XP level 6. HP: 29/56 MP: 6/6
   608 | Sewer    | Found a white marble altar of Elyvilon.
   701 | D:3      | You fall into a shaft and drop 3 floors!
   741 | D:6      | Noticed Eustachio
   749 | D:6      | Killed Eustachio
   750 | D:6      | Reached skill level 6 in Axes
   750 | D:6      | Reached XP level 7. HP: 58/62 MP: 7/7
   772 | D:6      | Found a snail-covered altar of Cheibriados.
   774 | D:6      | Got a garnet-studded ring mail
   784 | D:6      | Became a worshipper of Cheibriados the Contemplative
   806 | D:6      | Identified the +3 ring mail "Zonnif" {rC+ Dex+3} (You found
                  | it on level 6 of the Dungeon)
   822 | D:6      | Noticed Sigmund
   828 | D:6      | Killed Sigmund
   861 | D:6      | Reached skill level 7 in Axes
   911 | D:7      | Reached XP level 8. HP: 44/69 MP: 8/8
   916 | D:7      | Noticed Prince Ribbit
   931 | D:7      | Reached skill level 5 in Shields
   972 | D:7      | Got a polished ring mail
   990 | D:7      | Reached skill level 8 in Axes
  1045 | D:6      | Identified the +2 ring mail "Learchua" {Dex+4} (You found
                  | it on level 7 of the Dungeon)
  1056 | D:5      | Entered Level 5 of the Dungeon
  1188 | D:4      | Reached * piety under Cheibriados
  1309 | D:4      | Found a runed translucent gate.
  1309 | D:4      | Found a runed translucent gate.
  1309 | D:4      | Found a runed translucent gate.
  1309 | D:4      | Found an opulent altar of Gozag.
  1310 | D:4      | Noticed wineyard's ghost (amateur BaHu)
  1323 | D:4      | Killed wineyard's ghost
  1324 | D:4      | Reached skill level 9 in Axes
  1383 | D:5      | Reached XP level 9. HP: 43/75 MP: 9/9
  1506 | D:6      | Found a sparkling altar of Nemelex Xobeh.
  1510 | D:6      | You fall into a shaft and drop 3 floors!
  1510 | D:9      | Noticed a rakshasa
  1512 | D:9      | Noticed a two-headed ogre
  1534 | D:9      | Noticed a troll
  1541 | D:9      | Quit the game

Illustrated notes

Levels and vault maps discovered:
D:1:      sevenhm_arrival_forest_fort_large_4, layout_rooms, corner_web_ring,
          chequers_jeans
D:2:      layout_basic
D:3:      layout_basic, lemuel_blue_sif_altar, cheibrodos_sewer_entry_bend
D:4:      layout_loops_corners, minmay_temple_entry_tees, serial_shops, shop,
          ebering_ghost_gozag, minmay_cupped
D:5:      layout_cave_pools, zin_angel
D:6:      layout_cave_pods, marbit_many_paths, kennysheep_slug_shrine,
          serial_shops, shop, kennysheep_cluttered_room,
          nemelex_spade_bored_becter, uniq_eustachio, uniq_sigmund
D:7:      layout_basic, uniq_prince_ribbit1
D:9:      cheibrodos_fzero, layout_loops_ring, grunt_decor_mini_mirrors,
          uniq_erolcha

Skill      XL: |  1  2  3  4  5  6  7  8 |
---------------+-------------------------+-----
Axes           | 3 4 5 6 7 9 |  9.4
Shields        | 3 4 5 |  5.9
Fighting       | |  3.0
Armour         | |  2.4

Action                   |  1- 3 |  4- 6 |  7- 9 || total
-------------------------+-------+-------+-------++-------
Melee: War axe           |    38 |    57 |   102 ||   197
Throw: Dart              |       |     4 |     6 ||    10
 Abil: Spit Poison       |    11 |     8 |    12 ||    31
Evoke: Wand              |       |       |     9 ||     9
  Use: Potion            |       |     1 |     7 ||     8
       Scroll            |       |       |     5 ||     5
Armor: Scale mail        |    18 |    34 |       ||    52
       Ring mail         |       |       |    53 ||    53
Dodge: Dodged            |    12 |    27 |    37 ||    76
Block: Kite shield       |    28 |    43 |    76 ||   147

Table legend: (Time is in decaauts)
 A = Elapsed time spent in this place.
 B = Non-inter-level travel time spent in this place.
 C = Inter-level travel time spent in this place.
 D = Time resting spent in this place.
 E = Time spent auto-exploring this place.
 F = Levels seen in this place.
 G = Mean time per level.
                   A        B        C        D        E       F      G
               +--------+--------+--------+--------+--------+-----+--------+
         Total |   2328 |   2069 |    259 |      0 |      0 |   9 |  258.7 |
       Dungeon |   2157 |   1898 |    259 |      0 |      0 |   8 |  269.6 |
         Sewer |    171 |    171 |      0 |      0 |      0 |   1 |  171.0 |
               +--------+--------+--------+--------+--------+-----+--------+

Top non-repeatable levels by time:
     D:6: 513 daAuts
     D:3: 385 daAuts
     D:5: 287 daAuts
     D:4: 276 daAuts
     D:7: 233 daAuts
     D:2: 221 daAuts
     D:1: 200 daAuts
   Sewer: 171 daAuts
     D:9: 38 daAuts
